 Dungeon Crawl Stone Soup version 0.30-a0-845-g7c6808c8ce (webtiles) character file.

Game seed: 6600325986413670804

6 Korbin06 the Trooper (level 1, -1/19 HPs)
             Began as a Draconian Berserker on Mar 2, 2023.
             Was a Follower of Trog.
             Slain by a worm (6 damage)
             ... on level 2 of the Dungeon.
             The game lasted 00:02:00 (179 turns).

Korbin06 the Trooper (Draconian Berserker)           Turns: 179, Time: 00:02:01

Health: -1/19      AC:  4    Str: 19    XL:     1   Next: 75%
Magic:  1/1        EV: 12    Int:  7    God:    Trog [*.....]
Gold:   16         SH:  3    Dex: 10    Spells: 0/0 levels left

rFire   . . .      SeeInvis .    d - +0 spear
rCold   . . .      Faith    .    c - +0 buckler
rNeg    . . .      Spirit   .    (body armour unavailable)
rPois   .          Reflect  .    (helmet restricted)
rElec   .          Rampage  .    (no cloak)
rCorr   .                        (no gloves)
Will    .....                    (no boots)
Stlth   +                        (no amulet)
HPRegen 0.23/turn                (no ring)
MPRegen 0.07/turn                (no ring)

@: no status effects
A: AC +4, unfitting armour, cold-blooded
a: Renounce Religion, Berserk


You were on level 2 of the Dungeon.
You worshipped Trog.
Trog was aware of your devotion.
You visited 1 branch of the dungeon, and saw 2 of its levels.

You collected 16 gold pieces.

Inventory:

Hand Weapons
 a - a +0 mace
 d - a +0 spear (weapon)
Armour
 c - a +0 buckler (worn)
Scrolls
 b - a scroll of identify {unknown}


   Skills:
 + Level 3.4 Fighting
 + Level 3.1 Maces & Flails
 + Level 2.9 Dodging


You couldn't memorise any spells.
You didn't know any spells.
Your spell library was empty.

Dungeon Overview and Level Annotations

Branches:
Dungeon (2/15)

Altars:


Innate Abilities, Weirdness & Mutations

Your plain brown scales are hard. (AC +4)
You cannot fit into any form of body armour.
You are cold-blooded and may be slowed by cold attacks.


Message History

The goblin attacks as you move away! You block the goblin's attack.
The goblin attacks as you move away! The goblin hits you but does no damage.
The goblin hits you but does no damage. You block the goblin's attack.
The goblin attacks as you move away! The goblin hits you but does no damage.
The goblin hits you but does no damage.
Found a stone staircase leading down.
The goblin closely misses you. The goblin attacks as you move away!
The goblin closely misses you.
A bat comes into view.
The goblin barely misses you.
You see here 2 fizzy purple potions.
Unknown command.
Unknown command.
Okay, then.
The goblin attacks as you move away! The goblin hits you with a +0 club.
The goblin misses you. The goblin attacks as you move away!
The goblin closely misses you.
You see here a scroll labelled DIUNWEN DUOQIMM.
As you read the scroll labelled DIUNWEN DUOQIMM, it crumbles to dust.
It is a scroll of amnesia.
You feel forgetful for a moment. The goblin hits you with a +0 club.
The goblin attacks as you move away! The goblin hits you but does no damage.
You block the goblin's attack.
You see here 9 gold pieces.
You now have 16 gold pieces (gained 9).
The goblin hits you but does no damage.
You hit the goblin.
The goblin is severely wounded.
The goblin barely misses you. The goblin closely misses you.
You closely miss the goblin.
The goblin is severely wounded.
The goblin hits you with a +0 club.
* * * LOW HITPOINT WARNING * * *
You hit the goblin.
You kill the goblin!
Trog accepts your kill.
Things that are here:
a +0 club; a goblin corpse You hit the worm but do no damage.
The worm bites you.
You die...

.# .# .# # ##### .# #.
##...## .# .
#.##.....######.###...
#.......w@....#...b.#
######.......###!..#
.......<.....# ##..#
#######.....## #..#
###.....#####..#
#...$....##....#
#........##.##.#
#...........# .#
#..#.....##### .#


You could see a worm.

Vanquished Creatures
  A worm (D:2)
  A giant cockroach (D:1)
  A goblin (D:2)
3 creatures vanquished.

Notes
Turn   | Place    | Note
-------+----------+-------------------------------------------
     0 | D:1      | Korbin06 the Draconian Berserker began the quest for the
                  | Orb.
     0 | D:1      | Reached XP level 1. HP: 19/19 MP: 1/1
   179 | D:2      | Slain by a worm

Illustrated notes

Levels and vault maps discovered:
D:1:      wander_arrival_peaceful_grave, layout_basic,
          hellmonk_ecumenical_altar_zigzags
D:2:      cheibrodos_fertilizer, layout_rooms

Action                     || total
---------------------------++-------
  Melee: Spear             ||    10
         Mace              ||     2
         Tailslap          ||     2
    Use: Scroll            ||     1
 Armour: Skin              ||    15
  Dodge: Dodged            ||    17
  Block: Buckler           ||     3

Table legend: (Time is in decaauts)
 A = Elapsed time spent in this place.
 B = Non-inter-level travel time spent in this place.
 C = Inter-level travel time spent in this place.
 D = Time resting spent in this place.
 E = Time spent auto-exploring this place.
 F = Levels seen in this place.
 G = Mean time per level.
                   A        B        C        D        E       F      G
               +--------+--------+--------+--------+--------+-----+--------+
         Total |    180 |    175 |      5 |      0 |      0 |   2 |   90.0 |
       Dungeon |    180 |    175 |      5 |      0 |      0 |   2 |   90.0 |
               +--------+--------+--------+--------+--------+-----+--------+

Top non-repeatable levels by time:
     D:1: 136 daAuts
     D:2: 44 daAuts
